 Dungeon Crawl Stone Soup version 0.26.1-11-gd32895ea62 (webtiles) character file.

Game seed: 16910202994395939254

795 Almogavar the Magician (level 7, -4/53 HPs)
             Began as a Gnoll Wanderer on Apr 14, 2021.
             Slain by Duvessa
             ... wielding a +0 short sword
              (5 damage)
             ... on level 4 of the Dungeon.
             The game lasted 00:16:32 (5551 turns).

Almogavar the Magician (Gnoll Wanderer)             Turns: 5551, Time: 00:16:32

Health: -4/53      AC:  2    Str: 13    XL:     7   Next: 89%
Magic:  10/18      EV: 13    Int: 18    God:
Gold:   183        SH:  0    Dex: 20    Spells: 20/21 levels left

rFire    . . .     SeeInvis .   a - +2 spear
rCold    . . .     Faith    .   (no shield)
rNeg     . . .     Spirit   .   d - +0 robe
rPois    .         Reflect  .   (no helmet)
rElec    .         Harm     .   (no cloak)
rCorr    .         Rampage  .   (no gloves)
Will     .....                  (no boots)
Stlth    +++.......             (no amulet)
HPRegen  0.17/turn              e - +6 ring of dexterity
MPRegen  0.16/turn              (no ring)

@: no status effects
A: distributed training, fangs 1, strong nose
a: no special abilities


You were on level 4 of the Dungeon.
You visited 1 branch of the dungeon, and saw 4 of its levels.

You collected 183 gold pieces.

Inventory:

Hand Weapons
 a - a +2 spear (weapon)
Armour
 d - a +0 robe (worn)
 f - a +0 leather armour
 h - a +0 ring mail
 j - a +0 scale mail
Jewellery
 e - a +6 ring of dexterity (left hand)
Scrolls
 b - a scroll of remove curse {unknown}
 c - a scroll of blinking {unknown}
 l - a scroll of fear {unknown}
 n - a scroll of enchant armour {unknown}
 p - a scroll of identify {unknown}
Potions
 g - a potion of ambrosia {unknown}
 i - a potion of berserk rage {unknown}
 k - 2 potions of haste {unknown}
 m - a potion of might {unknown}
 o - a potion of brilliance {unknown}


   Skills:
 + Level 3.8 Fighting
 + Level 2.7 Short Blades
 + Level 2.7 Long Blades
 + Level 2.7 Axes
 + Level 2.7 Maces & Flails
 + Level 5.4 Polearms
 + Level 2.7 Staves
 + Level 2.7 Slings
 + Level 2.7 Bows
 + Level 2.7 Crossbows
 + Level 3.8 Throwing
 + Level 2.7 Armour
 + Level 2.7 Dodging
 + Level 2.7 Stealth
 + Level 2.7 Shields
 + Level 2.7 Unarmed Combat
 + Level 7.7 Spellcasting
 + Level 2.2 Conjurations
 + Level 2.2 Hexes
 + Level 2.2 Summonings
 + Level 2.2 Necromancy
 + Level 2.2 Translocations
 + Level 2.2 Transmutations
 + Level 2.2 Fire Magic
 + Level 2.2 Ice Magic
 + Level 4.4 Air Magic
 + Level 2.2 Earth Magic
 + Level 2.2 Poison Magic
 + Level 3.0 Invocations
 + Level 3.8 Evocations


You had 20 spell levels left.
You knew the following spells:

 Your Spells              Type           Power        Failure   Level
a - Magic Dart            Conj           60%          4%          1

Your spell library contained the following spells:

 Spells                   Type           Power        Failure   Level
 Corpse Rot               Necr/Air       N/A          3%          2
 Poisonous Vapours        Pois/Air       38%          3%          2
 Animate Skeleton         Necr           30%          4%          1
 Apportation              Tloc           30%          4%          1
 Corona                   Hex            16%          4%          1
 Summon Small Mammal      Summ           60%          4%          1
 Stone Arrow              Conj/Erth      30%          12%         3


Dungeon Overview and Level Annotations

Branches:
Dungeon (4/15)
 Temple: D:4-7

Altars:
Nemelex Xobeh

Shops:
D:4 !

Annotations:
D:4 Dowan, Duvessa


Innate Abilities, Weirdness & Mutations

Your experience applies equally to all skills.
You have very sharp teeth.
Your uncanny sense of smell can sniff out nearby items.


Message History

* * * LOW HITPOINT WARNING * * *
Casting: Magic Dart (safe; 4% risk of failure)
Confirm with . or Enter, or press ? or * to list all spells.
Aiming: Magic Dart (safe; 4% risk of failure)
Press: ? - help, Shift-Dir - straight line, f/p - Duvessa
Aim: Duvessa, wielding a +0 short sword and wearing a +0 ring mail (heavily wounded, fast, 0% to evade)
The magic dart hits Duvessa.
Duvessa is heavily wounded.
Duvessa hits you but does no damage.
Casting: Magic Dart (safe; 4% risk of failure)
Confirm with . or Enter, or press ? or * to list all spells.
Aiming: Magic Dart (safe; 4% risk of failure)
Press: ? - help, Shift-Dir - straight line, f/p - Duvessa
Aim: Duvessa, wielding a +0 short sword and wearing a +0 ring mail (heavily wounded, fast, 0% to evade)
The magic dart hits Duvessa but does no damage.
Duvessa is heavily wounded.
Duvessa hits you with a +0 short sword!
* * * LOW HITPOINT WARNING * * *
Duvessa hits you with a +0 short sword.
You die...

#. #..#...## #. #.
#♣#(....# . #. #.
#....(# ##. #.# #.
#.....# #.. ##.#
##...## #.# #...
#.### ##.#####... #.#
...?...... #.# #.#
#.#. #@# #<#####.#.
####e#######..e......
#....e...............
#..........#.##.##...
#..#.#####.).........
##.<#.# ###.##.##...
#...#.# #.##.##..#
##.#.#.# #........#
#....#.. ####......


You could see Duvessa (fast) and Dowan.

Vanquished Creatures
  Pikel (D:3)
  A scorpion (D:4)
  A jelly (D:3)
  An orc wizard (D:4)
  3 worker ants
  2 adders
  A gnoll (D:1)
  An ooze (D:2)
  3 worms
  A dart slug (D:1)
  A leopard gecko (D:3)
  7 orcs
  2 ball pythons (D:2)
  11 bats
  9 giant cockroaches
  5 goblins
  7 hobgoblins
  4 jackals (D:3)
  5 kobolds
  2 quokkas
  3 frilled lizards
  7 rats
78 creatures vanquished.

Notes
Turn   | Place    | Note
-------+----------+-------------------------------------------
     0 | D:1      | Almogavar the Gnoll Wanderer began the quest for the Orb.
     0 | D:1      | Almogavar set off with the following items: a +2 spear, a
                  | +0 robe; and the following spell memorised: Magic Dart; and
                  | the following spells available to memorise: Corpse Rot,
                  | Poisonous Vapours, Stone Arrow
     0 | D:1      | Reached XP level 1. HP: 17/17 MP: 8/8
   241 | D:1      | Reached XP level 2. HP: 23/23 MP: 8/10
   491 | D:1      | Reached XP level 3. HP: 28/28 MP: 9/11
  1481 | D:2      | Reached skill level 1 in Invocations
  1778 | D:2      | Reached skill level 1 in Short Blades
  1778 | D:2      | Reached skill level 1 in Long Blades
  1778 | D:2      | Reached skill level 1 in Axes
  1778 | D:2      | Reached skill level 1 in Maces & Flails
  1778 | D:2      | Reached skill level 1 in Staves
  1778 | D:2      | Reached skill level 1 in Slings
  1778 | D:2      | Reached skill level 1 in Bows
  1778 | D:2      | Reached skill level 1 in Crossbows
  1778 | D:2      | Reached skill level 1 in Armour
  1778 | D:2      | Reached skill level 1 in Dodging
  1778 | D:2      | Reached skill level 1 in Stealth
  1778 | D:2      | Reached skill level 1 in Shields
  1778 | D:2      | Reached skill level 1 in Unarmed Combat
  1907 | D:2      | Reached XP level 4. HP: 16/34 MP: 8/13
  3333 | D:3      | Found a faded altar of an unknown god.
  3369 | D:3      | Reached skill level 1 in Conjurations
  3369 | D:3      | Reached skill level 1 in Hexes
  3369 | D:3      | Reached skill level 1 in Summonings
  3369 | D:3      | Reached skill level 1 in Necromancy
  3369 | D:3      | Reached skill level 1 in Translocations
  3369 | D:3      | Reached skill level 1 in Transmutations
  3369 | D:3      | Reached skill level 1 in Fire Magic
  3369 | D:3      | Reached skill level 1 in Ice Magic
  3369 | D:3      | Reached skill level 1 in Earth Magic
  3369 | D:3      | Reached skill level 1 in Poison Magic
  3627 | D:3      | Reached XP level 5. HP: 6/39 MP: 10/14
  4001 | D:3      | Found a sparkling altar of Nemelex Xobeh.
  4480 | D:4      | Noticed Pikel
  4480 | D:4      | Noticed a lemure
  4480 | D:4      | Noticed a lemure
  4480 | D:4      | Noticed a lemure
  4480 | D:4      | Noticed a lemure
  4528 | D:3      | Killed Pikel
  4529 | D:3      | Reached skill level 5 in Polearms
  4529 | D:3      | Reached XP level 6. HP: 27/48 MP: 14/16
  4529 | D:3      | Reached XP level 7. HP: 30/53 MP: 15/18
  5010 | D:4      | Noticed Dowan
  5010 | D:4      | Noticed Duvessa
  5103 | D:4      | Found Kunku's Distillery.
  5551 | D:4      | HP: 1/53 [Duvessa/+0 short sword (13)]
  5551 | D:4      | Slain by Duvessa

Illustrated notes

Levels and vault maps discovered:
D:1:      dpeg_arrival_water_fire, layout_basic, minmay_misc_feat_enclosed
D:2:      layout_loops_ring, minmay_heptomino_o4
D:3:      layout_rooms, chequers_ecumenical_altar_simple_redux,
          nemelex_xobeh_ov_fountains_minmay
D:4:      layout_loops_ring, minmay_temple_entry_antechambers, serial_shops,
          shop, nicolae_shop_trees, uniq_pikel, uniq_duvessa

Skill      XL: |  1  2  3  4  5  6  7 |
---------------+----------------------+-----
Invocations    | 1 2 3 |  3.0
Short Blades   | 1 2 |  2.7
Long Blades    | 1 2 |  2.7
Axes           | 1 2 |  2.7
Maces & Flails | 1 2 |  2.7
Staves         | 1 2 |  2.7
Slings         | 1 2 |  2.7
Bows           | 1 2 |  2.7
Crossbows      | 1 2 |  2.7
Armour         | 1 2 |  2.7
Dodging        | 1 2 |  2.7
Stealth        | 1 2 |  2.7
Shields        | 1 2 |  2.7
Unarmed Combat | 1 2 |  2.7
Conjurations   | 1 2 |  2.2
Hexes          | 1 2 |  2.2
Summonings     | 1 2 |  2.2
Necromancy     | 1 2 |  2.2
Translocations | 1 2 |  2.2
Transmutations | 1 2 |  2.2
Fire Magic     | 1 2 |  2.2
Ice Magic      | 1 2 |  2.2
Earth Magic    | 1 2 |  2.2
Poison Magic   | 1 2 |  2.2
Fighting       | 3 |  3.8
Throwing       | 3 |  3.8
Evocations     | 3 |  3.8
Polearms       | 5 |  5.4
Air Magic      | 4 |  4.4
Spellcasting   | |  7.7

Action                   |  1- 3 |  4- 6 |  7- 9 || total
-------------------------+-------+-------+-------++-------
Melee: Spear             |    38 |   100 |    59 ||   197
       Bite              |     2 |     6 |     8 ||    16
       Punch             |       |       |     1 ||     1
 Cast: Magic Dart        |    66 |    98 |    30 ||   194
  Use: Potion            |       |     2 |       ||     2
Armor: Robe              |     9 |    15 |     6 ||    30
       Skin              |       |    21 |       ||    21
Dodge: Dodged            |    11 |    45 |    34 ||    90
